 Dungeon Crawl Stone Soup version 0.27-a0-686-gaed091b46b (webtiles) character file.

Game seed: 15432283185453064348

619 Dreamer the Skirmisher (level 7, 0/56 HPs)
             Began as a Formicid Berserker on Mar 21, 2021.
             Was an Elder of Trog.
             Slain by an ufetubus (3 damage)
             ... on level 5 of the Dungeon.
             The game lasted 00:12:52 (5297 turns).

Dreamer the Skirmisher (Formicid Berserker)         Turns: 5297, Time: 00:12:54

Health: 0/56       AC:  6    Str: 29    XL:     7   Next: 74%
Magic:  7/7        EV: 11    Int:  7    God:    Trog [****..]
Gold:   145        SH:  0    Dex: 10    Spells: 6/6 levels left

rFire    x . .     SeeInvis +   o - +1 whip (vamp)
rCold    + . .     Faith    .   (no shield)
rNeg     . . .     Spirit   .   b - +0 ring mail
rPois    .         Reflect  .   (helmet unavailable)
rElec    .         Harm     .   (no cloak)
rCorr    .         Rampage  .   (no gloves)
Will     ++...                  (no boots)
Stlth    ++........             (no amulet)
HPRegen  1.18/turn              p - ring of ice
MPRegen  0.10/turn              c - +6 ring of strength

@: lethally poisoned (0 -> 0), regenerating
A: permanent stasis, dig shafts and tunnels, antennae 3, four strong arms
a: Dig, Shaft Self, Renounce Religion, Trog's Hand, Brothers in Arms


You were on level 5 of the Dungeon.
You worshipped Trog.
Trog was greatly pleased with you.
You visited 1 branch of the dungeon, and saw 5 of its levels.

You collected 145 gold pieces.

Inventory:

Hand Weapons
 o - a +1 vampiric whip (weapon)
Armour
 b - a +0 ring mail (worn)
Jewellery
 c - a +6 ring of strength (left hand)
 g - a +4 ring of protection
 p - a ring of ice (right hand)
Wands
 l - a wand of flame (15)
Scrolls
 e - 5 scrolls of identify {unknown}
 f - a scroll of fog {unknown}
 h - a scroll of teleportation {unknown}
 k - a scroll of vulnerability {unknown}
 m - 2 scrolls of immolation {unknown}
Potions
 a - a potion of heal wounds {unknown}
 d - a potion of curing {unknown}
 i - 2 potions of attraction {unknown}
 j - a potion of invisibility {unknown}
 n - a potion of lignification {unknown}


   Skills:
 + Level 5.3 Fighting
 + Level 4.9 Maces & Flails
 + Level 4.7 Armour
 - Level 1.7 Dodging
 + Level 4.9 Stealth


You had 6 spell levels left.
You didn't know any spells.
Your spell library was empty.

Dungeon Overview and Level Annotations

Branches:
Dungeon (5/15)             Temple (0/1) D:5

Altars:
Qazlal


Innate Abilities, Weirdness & Mutations

You cannot be hasted, slowed, berserked, paralysed or teleported.
You can dig through walls and to a lower floor.
You have a pair of large antennae on your head. (SInv)
Your four strong arms can wield two-handed weapons with a shield.


Message History

You whack the ice beast!
You kill the ice beast!
Trog accepts your kill.
You feel sick. The ufetubus barely misses you.
The ufetubus hits you but does no damage.
The scorpion closely misses you.
You closely miss the scorpion.
You feel sick. The ufetubus closely misses you.
The ufetubus hits you but does no damage.
The scorpion stings you!
* * * LOW HITPOINT WARNING * * *
The ufetubus completely misses you. The ufetubus closely misses you.
You barely miss the scorpion.
* * * LOW HITPOINT WARNING * * *
You feel sick. The ufetubus barely misses you.
The ufetubus hits you but does no damage.
The scorpion completely misses you.
You closely miss the scorpion.
* * * LOW HITPOINT WARNING * * *
You feel sick. The ufetubus barely misses you. The ufetubus closely misses you.
The scorpion stings you but does no damage.
You closely miss the scorpion.
* * * LOW HITPOINT WARNING * * *
You feel sick. The ufetubus closely misses you. The ufetubus barely misses you.
The ufetubus misses you. x2
The scorpion stings you but does no damage.
You barely miss the scorpion.
* * * LOW HITPOINT WARNING * * *
You feel sick. The ufetubus hits you.
* * * LOW HITPOINT WARNING * * *
The ufetubus hits you but does no damage.
The scorpion barely misses you.
Okay, then.
Your skin crawls.
You feel strong-willed.
You feel sick. The ufetubus barely misses you. The ufetubus misses you.
The scorpion stings you.
* * * LOW HITPOINT WARNING * * *
You are more poisoned.
The scorpion poisons you! The ufetubus hits you.
You die...

.# $ ####.#.#..#
#^...#.#..## #)#........
#... ##......... #...
##....#...#{ #...#
#.....#.⌠.# #...####
#...###...###.
##...##.###.....@.......
...........#...s5.>..⌠..
........................
...........##.###$..###.
#>....#.#####... .⌠.#
#.....### #...#...#
#.###.## #......... .#
##.# ##...###.# .# #.#


You could see a scorpion and an ufetubus.

Vanquished Creatures
  An ice beast (D:5)
  An ogre (D:4)
  A kobold brigand (D:4)
  A scorpion (D:4)
  A bullfrog skeleton (D:4)
  An orc wizard (D:5)
  2 worker ants (D:4)
  7 adders
  A white imp (D:5)
  An ufetubus (D:5)
  3 adder skeletons
  5 worms
  2 dart slugs (D:1)
  4 leopard geckos
  11 orcs
  A giant cockroach (D:2)
  11 goblins
  9 hobgoblins
  3 jackals (D:1)
  29 kobolds
  2 quokkas
  2 ball pythons
  10 bats
  9 frilled lizards
  3 rats
121 creatures vanquished.

Vanquished Creatures (others)
  67 plants (D:4)
67 creatures vanquished.

Grand Total: 188 creatures vanquished

Notes
Turn   | Place    | Note
-------+----------+-------------------------------------------
     0 | D:1      | Dreamer the Formicid Berserker began the quest for the Orb.
     0 | D:1      | Reached XP level 1. HP: 18/18 MP: 1/1
   155 | D:1      | Reached XP level 2. HP: 23/24 MP: 2/2
   208 | D:1      | Reached skill level 1 in Stealth
   437 | D:1      | Reached XP level 3. HP: 29/29 MP: 3/3
   447 | D:1      | Reached ** piety under Trog
  1152 | D:2      | Reached XP level 4. HP: 32/37 MP: 4/4
  1641 | D:2      | Reached skill level 4 in Fighting
  1751 | D:2      | Reached XP level 5. HP: 39/42 MP: 5/5
  2049 | D:2      | Reached *** piety under Trog
  2596 | D:3      | Noticed a fire elemental
  2647 | D:3      | Noticed a water elemental
  2648 | D:3      | Found a stormy altar of Qazlal.
  2651 | D:3      | Noticed an air elemental
  3551 | D:4      | Noticed a kobold brigand
  3655 | D:4      | Reached XP level 6. HP: 19/49 MP: 6/6
  4087 | D:4      | Noticed an ogre
  4202 | D:4      | Killed an ogre
  4494 | D:4      | Reached XP level 7. HP: 45/55 MP: 7/7
  4593 | D:4      | Reached skill level 5 in Fighting
  4749 | D:4      | Reached **** piety under Trog
  5111 | D:5      | Entered Level 5 of the Dungeon
  5267 | D:5      | Found a staircase to the Ecumenical Temple.
  5297 | D:5      | Slain by an ufetubus

Illustrated notes

Levels and vault maps discovered:
D:1:      amcnicky_arrival_feature_with_door, layout_basic, dk_noncrumbling_2
D:2:      minmay_razor_zed, layout_loops_corners
D:3:      layout_basic, minmay_hedge_maze, chequers_big_river,
          nicolae_qazlal_style_of_elements
D:4:      kennysheep_kobold_camp, layout_loops_corners,
          kennysheep_generic_room_13
D:5:      layout_loops_cross, minmay_temple_entry_junction_2

Skill      XL: |  1  2  3  4  5  6  7 |
---------------+----------------------+-----
Stealth        | 1 2 3 4 |  4.9
Armour         | 3 4 |  4.7
Fighting       | 4 5 |  5.3
Maces & Flails | 4 |  4.9
Dodging        | |  1.7

Action                   |  1- 3 |  4- 6 |  7- 9 || total
-------------------------+-------+-------+-------++-------
Melee: Flail             |    68 |   258 |       ||   326
       Mace              |     2 |       |       ||     2
       Whip              |       |    26 |   134 ||   160
Invok: Trog's Hand       |       |       |     1 ||     1
 Abil: Dig               |       |     4 |       ||     4
 Stab: Sleeping          |     3 |     3 |     1 ||     7
Armor: Animal skin       |     7 |       |       ||     7
       Ring mail         |     8 |   109 |    55 ||   172
       Leather armour    |     2 |       |       ||     2
Dodge: Dodged            |    32 |   162 |    93 ||   287

Table legend: (Time is in decaauts)
 A = Elapsed time spent in this place.
 B = Non-inter-level travel time spent in this place.
 C = Inter-level travel time spent in this place.
 D = Time resting spent in this place.
 E = Time spent auto-exploring this place.
 F = Levels seen in this place.
 G = Mean time per level.
                   A        B        C        D        E       F      G
               +--------+--------+--------+--------+--------+-----+--------+
         Total |   5354 |   5264 |     90 |    832 |   3175 |   5 | 1070.8 |
       Dungeon |   5354 |   5264 |     90 |    832 |   3175 |   5 | 1070.8 |
               +--------+--------+--------+--------+--------+-----+--------+

Top non-repeatable levels by time:
     D:4: 1758 daAuts
     D:2: 1596 daAuts
     D:1: 916 daAuts
     D:3: 909 daAuts
     D:5: 173 daAuts
